 Dungeon Crawl Stone Soup version 0.30-a0-847-g17996783a1 (webtiles) character file.

Game seed: 16822297196470710998

540 DiggyJ the Trooper (level 7, -7/76 HPs)
             Began as an Ogre Berserker on Mar 3, 2023.
             Was a Priest of Trog.
             Mangled by an iguana (8 damage)
             ... on level 5 of the Dungeon.
             The game lasted 00:07:35 (4049 turns).

DiggyJ the Trooper (Ogre Berserker)                 Turns: 4049, Time: 00:07:36

Health: -7/76      AC:  4    Str: 24    XL:     7   Next: 26%
Magic:  7/7        EV: 10    Int: 13    God:    Trog [***...]
Gold:   282        SH:  0    Dex:  8    Spells: 6/6 levels left

rFire   + . .      SeeInvis .    a - +0 hand axe
rCold   . . .      Faith    .    (no shield)
rNeg    + . .      Spirit   .    b - +0 animal skin
rPois   .          Reflect  .    (helmet restricted)
rElec   .          Rampage  .    t - +0 cloak
rCorr   .                        (gloves unavailable)
Will    +....                    (boots unavailable)
Stlth   +                        (no amulet)
HPRegen 0.32/turn                u - ring "Agrait" {*Slow rF+ rN+ Will+ Int+5}
MPRegen 0.10/turn                (no ring)

@: no status effects
A: large, unfitting armour, tough skin 1
a: Renounce Religion, Berserk, Trog's Hand


You were on level 5 of the Dungeon.
You worshipped Trog.
Trog was most pleased with you.
You visited 1 branch of the dungeon, and saw 5 of its levels.

You collected 282 gold pieces.

Inventory:

Hand Weapons
 a - a +0 hand axe (weapon)
 l - a +0 arbalest
Missiles
 v - 4 javelins (quivered)
Armour
 b - a +0 animal skin (worn)
 i - a +0 helmet
 t - a +0 cloak (worn)
Jewellery
 u - the ring "Agrait" (left hand) {*Slow rF+ rN+ Will+ Int+5}
   (You found it on level 3 of the Dungeon)

   [ring of positive energy]

   Int:       It affects your intelligence (+5).
   rF:        It protects you from fire.
   rN:        It protects you from negative energy.
   *Slow:     It may slow you when you take damage.
   Will:      It increases your willpower.
 w - a ring of poison resistance
Scrolls
 d - a scroll of acquirement {unknown}
 e - 2 scrolls of silence {unknown}
 j - 2 scrolls of amnesia {unknown}
 k - 2 scrolls of fear {unknown}
 m - 2 scrolls of blinking {unknown}
 n - 2 scrolls of teleportation {unknown}
 p - 3 scrolls of identify {unknown}
 r - a scroll of summoning {unknown}
Potions
 c - a potion of degeneration {unknown}
 f - 3 potions of curing {unknown}
 g - 2 potions of haste {unknown}
 h - 2 potions of lignification {unknown}
 o - a potion of attraction {unknown}
 q - a potion of mutation {unknown}
 s - a potion of resistance {unknown}
 x - a potion of cancellation {unknown}


   Skills:
 * Level 6.9 Fighting
 + Level 5.9 Axes
 + Level 3.8 Dodging
 + Level 0.6 Stealth


You had 6 spell levels left.
You didn't know any spells.
Your spell library contained the following spells:

 Spells                   Type           Power      Damage    Failure   Level
 Sting                    Tmut/Pois      0%         1d3       30%         1
 Ensorcelled Hibernation  Hex/Ice        0%         N/A       43%         2
 Passwall                 Tmut/Erth      0%         N/A       43%         2
 Poisonous Vapours        Pois/Air       0%         N/A       43%         2
 Hailstorm                Conj/Ice       0%         3d3       67%         3
 Swiftness                Air            0%         N/A       67%         3
 Ice Form                 Ice/Tmut       0%         N/A       97%         4
 Olgreb's Toxic Radiance  Pois           0%         N/A       97%         4
 Summon Ice Beast         Ice/Summ       0%         N/A       97%         4
 Summon Mana Viper        Hex/Summ       0%         N/A       100%        5
 Simulacrum               Ice/Necr       0%         N/A       100%        6
 Monstrous Menagerie      Summ           0%         N/A       100%        7


Dungeon Overview and Level Annotations

Branches:
Dungeon (5/15)
 Temple: D:4-7

Altars:
Gozag
Makhleb
Qazlal
Trog
Xom


Innate Abilities, Weirdness & Mutations

You are too large for most types of armour.
You have tough skin. (AC +1)


Message History

You hit the scorpion.
The scorpion is lightly wounded.
The scorpion stings you but does no damage.
You hit the scorpion but do no damage.
The scorpion is lightly wounded.
The scorpion closely misses you.
You hit the scorpion.
The scorpion is heavily wounded.
The scorpion barely misses you.
You hit the scorpion but do no damage.
The scorpion is heavily wounded.
The scorpion barely misses you.
You slash the scorpion!
You kill the scorpion!
Trog accepts your kill.
You see here a scorpion corpse.
An iguana comes into view.
Found a hand axe.
The iguana hisses angrily.
You hear the slow hiss of a distant avalanche of sand.
The iguana bites you!
You barely miss the iguana. The iguana bites you!
* * * LOW HITPOINT WARNING * * *
You closely miss the iguana. The iguana closely misses you.
You barely miss the iguana. The iguana bites you.
* * * LOW HITPOINT WARNING * * *
You hit the iguana but do no damage. The iguana bites you.
* * * LOW HITPOINT WARNING * * *
You hit the iguana but do no damage. Your punch misses the iguana.
The iguana bites you.
* * * LOW HITPOINT WARNING * * *
You closely miss the iguana. The iguana closely misses you.
You slash the iguana!
The iguana is severely wounded.
The iguana bites you!
* * * LOW HITPOINT WARNING * * *
You barely miss the iguana. Your punch misses the iguana.
The iguana is severely wounded.
The iguana bites you!
You die...

### #.. #.. . #..
#...###################..
#.....@................
#.####l##############..
#.# #.. #)# ####.. #.#
######..†.# #.#
##.......#.# ...
.........#.# ##.
####+##..#.# #..#.#


You could see an iguana.

Vanquished Creatures
  Sigmund (D:4)
  A scorpion (D:5)
  2 orc priests (D:3)
  2 sleepcaps
  An iguana (D:5)
  3 gnolls (D:5)
  5 adders
  An ufetubus (D:4)
  A worm (D:1)
  A dart slug (D:4)
  10 orcs
  5 ball pythons
  7 endoplasms
  4 giant cockroaches
  9 goblins
  8 hobgoblins
  6 jackals (D:1)
  2 quokkas
  6 bats
  A frilled lizard (D:1)
  12 kobolds
  7 rats
95 creatures vanquished.

Vanquished Creatures (others)
  4 fungi (D:4)
  4 toadstools (D:4)
8 creatures vanquished.

Grand Total: 103 creatures vanquished

Notes
Turn   | Place    | Note
-------+----------+-------------------------------------------
     0 | D:1      | DiggyJ the Ogre Berserker began the quest for the Orb.
     0 | D:1      | Reached XP level 1. HP: 24/24 MP: 1/1
   246 | D:1      | Reached XP level 2. HP: 22/32 MP: 2/2
   874 | D:1      | Reached XP level 3. HP: 40/40 MP: 3/3
  1289 | D:2      | Reached ** piety under Trog
  1446 | D:2      | Reached XP level 4. HP: 47/49 MP: 4/4
  1517 | D:2      | Reached skill level 5 in Fighting
  2614 | D:3      | Reached XP level 5. HP: 42/57 MP: 5/5
  2922 | D:3      | Identified the ring "Agrait" {*Slow rF+ rN+ Will+ Int+5}
  3198 | D:4      | Noticed Sigmund
  3211 | D:4      | Killed Sigmund
  3212 | D:4      | Reached skill level 6 in Fighting
  3212 | D:4      | Reached skill level 5 in Axes
  3212 | D:4      | Reached XP level 6. HP: 62/68 MP: 6/6
  3525 | D:4      | Reached *** piety under Trog
  3780 | D:4      | Found a shimmering altar of Xom.
  3780 | D:4      | Found a stormy altar of Qazlal.
  3788 | D:4      | Found a burning altar of Makhleb.
  3790 | D:4      | Found a bloodstained altar of Trog.
  3792 | D:4      | Found an opulent altar of Gozag.
  3903 | D:5      | Entered Level 5 of the Dungeon
  3955 | D:5      | Reached XP level 7. HP: 28/76 MP: 7/7
  4048 | D:5      | HP: 1/76 [iguana (13)]
  4049 | D:5      | Mangled by an iguana

Illustrated notes

Levels and vault maps discovered:
D:1:      dpeg_arrival_brainrot, layout_basic, kennysheep_decorative_pillar
D:2:      minmay_angry_zag, layout_rooms
D:3:      layout_basic
D:4:      layout_basic, chequers_temple_overflow_minitemple,
          minmay_gold_behind_fungi, serial_bayou_ford_a, uniq_sigmund
D:5:      layout_basic, mainiacjoe_overflow_big_doors, serial_shops, shop,
          nicolae_ossuary_entry_plus, minivault_25

Skill      XL: |  1  2  3  4  5 |
---------------+----------------+-----
Dodging        | 3 |  3.8
Fighting       | 5 6 |  6.9
Axes           | 4 5 |  5.9
Stealth        | |  0.6

Action                     |  1- 3 |  4- 6 |  7- 9 || total
---------------------------+-------+-------+-------++-------
  Melee: Hand axe          |   130 |   164 |    21 ||   315
         Punch             |     1 |     2 |       ||     3
 Invoke: Berserk           |     1 |     2 |     1 ||     4
   Stab: Sleeping          |       |     1 |       ||     1
 Armour: Animal skin       |    61 |    49 |     1 ||   111
  Dodge: Dodged            |   105 |    96 |     7 ||   208

Table legend: (Time is in decaauts)
 A = Elapsed time spent in this place.
 B = Non-inter-level travel time spent in this place.
 C = Inter-level travel time spent in this place.
 D = Time resting spent in this place.
 E = Time spent auto-exploring this place.
 F = Levels seen in this place.
 G = Mean time per level.
                   A        B        C        D        E       F      G
               +--------+--------+--------+--------+--------+-----+--------+
         Total |   4113 |   3998 |    115 |     85 |   2758 |   5 |  822.6 |
       Dungeon |   4113 |   3998 |    115 |     85 |   2758 |   5 |  822.6 |
               +--------+--------+--------+--------+--------+-----+--------+

Top non-repeatable levels by time:
     D:1: 1279 daAuts
     D:3: 1106 daAuts
     D:4: 910 daAuts
     D:2: 659 daAuts
     D:5: 158 daAuts
